 Dungeon Crawl Stone Soup version 0.29.0-11-gd7f09526c8 (webtiles) character file.

Game seed: 1516745592799760905

7 Lochraine the Caller (level 2, 0/19 HPs)
             Began as a Merfolk Summoner on Sept 5, 2022.
             Slain by a jackal (1 damage)
             ... on level 1 of the Dungeon.
             The game lasted 00:01:17 (207 turns).

Lochraine the Caller (Merfolk Summoner)              Turns: 207, Time: 00:01:17

Health: 0/19       AC:  2    Str:  8    XL:     2   Next: 4%
Magic:  2/5        EV: 12    Int: 14    God:
Gold:   13         SH:  0    Dex: 14    Spells: 4/5 levels left

rFire   . . .      SeeInvis .   d - +0 dagger
rCold   . . .      Faith    .   (no shield)
rNeg    . . .      Spirit   .   a - +0 robe
rPois   .          Reflect  .   (no helmet)
rElec   .          Harm     .   (no cloak)
rCorr   .          Rampage  .   (no gloves)
Will    .....                   (no boots)
Stlth   ++........              (no amulet)
HPRegen 0.06/turn               (no ring)
MPRegen 0.09/turn               (no ring)

@: weak-willed
A: (nimble swimmer 2), mertail
a: no special abilities


You were on level 1 of the Dungeon.
You visited 1 branch of the dungeon, and saw 1 of its levels.

You collected 13 gold pieces.

Inventory:

Hand Weapons
 d - a +0 dagger (weapon)
   (You took it off a kobold on level 1 of the Dungeon)
Armour
 a - a +0 robe (worn)
Potions
 b - a potion of magic


   Skills:
 - Level 2.6 Dodging
 - Level 2.1 Stealth
 * Level 2.4 Spellcasting
 + Level 4.1 Summonings


You had 4 spell levels left.
You knew the following spells:

 Your Spells              Type           Power      Damage    Failure   Level
a - Summon Small Mammal   Summ           52%        N/A       4%          1

Your spell library contained the following spells:

 Spells                   Type           Power      Damage    Failure   Level
 Call Imp                 Summ           13%        N/A       6%          2
 Call Canine Familiar     Summ           13%        N/A       13%         3
 Summon Guardian Golem    Hex/Summ       7%         N/A       28%         3
 Summon Lightning Spire   Summ/Air       7%         N/A       67%         4


Dungeon Overview and Level Annotations

Branches:
Dungeon (1/15) Zot: 5792

Altars:


Innate Abilities, Weirdness & Mutations

((You are very nimble when in or above water. (Stealth+, EV+, Speed+++)))
Your lower body shifts to a powerful aquatic tail in water.


Message History

Your bat closely misses the jackal.
The jackal closely misses your bat.
A jackal comes into view.
Your bat misses the jackal.
A jackal comes into view.
Your bat hits the jackal but does no damage.
Your bat misses the jackal.
Your bat hits the jackal but does no damage.
Your bat completely misses the jackal.
Your bat hits the jackal but does no damage. x2
Your bat hits the jackal but does no damage.
Your bat closely misses the jackal.
Something barely misses your bat.
You hit the jackal but do no damage. The jackal barely misses you.
Your bat hits the jackal. The jackal bites you.
* * * LOW HITPOINT WARNING * * *
Your bat hits the jackal but does no damage.
Your bat barely misses the jackal.
Okay, then.
You barely miss the jackal.
Your bat hits the jackal but does no damage. x2
Your bat hits the jackal.
Your bat barely misses the jackal.
The jackal barely misses your bat.
The jackal bites you but does no damage.
Your bat barely misses the jackal.
Your bat completely misses the jackal.
You hit the jackal but do no damage.
Your bat closely misses the jackal.
Your bat misses the jackal. Your bat hits the jackal.
Your bat misses the jackal. The jackal closely misses you.
The jackal bites your bat but does no damage.
Your bat barely misses the jackal.
Your bat closely misses the jackal.
As you read the scroll labelled NEKUTA UDDU, it crumbles to dust.
Magic quickly surges around you.
It was a scroll of vulnerability.
Your bat barely misses the jackal.
Your bat closely misses the jackal.
The jackal bites you.
* * * LOW HITPOINT WARNING * * *
The jackal bites your bat. The jackal closely misses your bat.
Your bat hits the jackal but does no damage. x2
The jackal bites your bat but does no damage.
The jackal misses your bat. The jackal bites you.
* * * LOW HITPOINT WARNING * * *
Your bat hits the jackal but does no damage. x2
Unknown command.
Unknown command.
Your bat disappears in a puff of smoke!
Your bat hits the jackal but does no damage.
Your bat closely misses the jackal.
The jackal bites you.
* * * LOW HITPOINT WARNING * * *
A jackal comes into view.
The jackal bites your bat.
Your bat hits the jackal but does no damage.
Your bat hits the jackal. The jackal bites you.
You die...

.....##h..##...........#
.K. ##h.##...........# .
#.))###.......###
###)..##'''''##..
#..............#
#h#h†........###
#.bh########.# ###h# .#
#@# .# #r# #.# #.# #.#
#.# #.# #.#


You could see 4 jackals, a friendly bat (summoned, weak-willed) and a friendly
rat (summoned).

Vanquished Creatures
  A goblin (D:1)
  A kobold (D:1)
2 creatures vanquished.

Vanquished Creatures (collateral kills)
  A goblin (D:1)
  2 hobgoblins (D:1)
  A kobold (D:1)
4 creatures vanquished.

Grand Total: 6 creatures vanquished

Notes
Turn   | Place    | Note
-------+----------+-------------------------------------------
     0 | D:1      | Lochraine the Merfolk Summoner began the quest for the Orb.
     0 | D:1      | Reached XP level 1. HP: 13/13 MP: 3/3
   196 | D:1      | Reached XP level 2. HP: 8/19 MP: 1/5
   207 | D:1      | Slain by a jackal

Illustrated notes

Levels and vault maps discovered:
D:1:      lordsloth_arrival_two_stooges, layout_basic,
          chequers_ecumenical_altar_simple_redux

Action                   || total
-------------------------++-------
Melee: Unarmed           ||     8
       Dagger            ||     9
 Cast: Summon Small Mamm ||    10
  Use: Scroll            ||     1
Armor: Robe              ||     3
Dodge: Dodged            ||     7
